 Dungeon Crawl Stone Soup version 0.32-a0-893-gf85d74f360 (webtiles) character file.

Game seed: 13226408887316230069

16075 DEFE the Prestidigitator (level 12, -2/81 HPs)
             Began as a Coglin Fighter on Apr 3, 2024.
             Was the Champion of Okawaru.
             Slain by a catoblepas (12 damage)
             ... on level 2 of the Lair of Beasts.
             The game lasted 00:18:05 (15278 turns).

DEFE the Prestidigitator (Coglin Fighter)          Turns: 15278, Time: 00:18:06

Health: -2/81      AC: 11    Str: 17    XL:     12   Next: 33%
Magic:  18/18      EV: 12    Int:  7    God:    Okawaru [******]
Gold:   461        SH:  0    Dex: 21    Spells: 11/11 levels left

rFire   . . .        T - +1 sling (flame) {Hachiro}
rCold   + . .        C - +4 hand cannon (freeze) {Ilse}
rNeg    + . .        W - +3 ring mail "Veru" {rPois rC+ rN+ Str-2}
rPois   +            (no helmet)
rElec   .            M - +1 cloak "Pekh" {Dex+4}
rCorr   .            L - +0 pair of gloves "Tade Tuoro" {Slay+5}
SInv    .            (no boots)
Will    .....        (amulet unavailable)
Stlth   +            (ring unavailable)
HPRegen 0.33/turn    (ring unavailable)
MPRegen 0.16/turn    (no gizmo)

%: no passive effects
@: revving
A: off-hand wielding, slow wielding, warmup strikes, no jewellery
a: Invent Gizmo, Renounce Religion, Heroism, Finesse, Duel


You were on level 2 of the Lair of Beasts.
You worshipped Okawaru.
Okawaru was exalted by your worship.
You visited 2 branches of the dungeon, and saw 13 of its levels.

You collected 717 gold pieces.
You spent 256 gold pieces at shops.

Inventory:

Hand Weapons
 a - a +0 war axe {Arun}
 d - a +0 hammer of protection {Ekveer}
 r - a +2 flail of holy wrath {Seojun}
 C - a +4 hand cannon of freezing (offhand) {Ilse}
 D - a +0 sling {Miranda}
 T - a +1 sling of flaming (weapon) {Hachiro}
 V - a +2 antimagic sling
Missiles
 P - 2 throwing nets
Armour
 b - a +0 scale mail
 c - a +0 buckler
 k - a +0 cloak
 l - a +0 cloak
 y - a +0 pair of gloves
 H - +0 steam dragon scales
 L - the +0 pair of gloves "Tade Tuoro" (worn) {Slay+5}
   (You found it on level 2 of the Lair of Beasts)

   Slay+5:    It affects your accuracy & damage with ranged weapons and melee
   (+5).
 M - the +1 cloak "Pekh" (worn) {Dex+4}
   (You acquired it on level 2 of the Lair of Beasts)

   Dex+4:     It affects your dexterity (+4).
 O - a +1 leather armour of fire resistance
 U - a +0 pair of gloves of dexterity
 W - the +3 ring mail "Veru" (worn) {rPois rC+ rN+ Str-2}
   (Okawaru gifted it to you on level 1 of the Lair of Beasts)

   Str-2:     It affects your strength (-2).
   rC+:       It protects you from cold.
   rPois:     It protects you from poison.
   rN+:       It protects you from negative energy.
Wands
 v - a wand of flame (58)
 B - a wand of iceblast (14)
 K - a wand of polymorph (3)
 S - a wand of light (3)
Scrolls
 e - a scroll of teleportation
 f - 3 scrolls of immolation
 i - 3 scrolls of fear
 n - 2 scrolls of fog
 q - 2 scrolls of blinking
 x - a scroll of vulnerability
 A - 2 scrolls of revelation
 E - 2 scrolls of noise {unknown}
 G - 2 scrolls of summoning {unknown}
 I - a scroll of poison {unknown}
 J - a scroll of enchant armour
 Q - 2 scrolls of enchant weapon
Potions
 g - a potion of lignification {unknown}
 h - 3 potions of resistance {unknown}
 j - 2 potions of curing
 m - 3 potions of enlightenment {unknown}
 o - 2 potions of berserk rage {unknown}
 p - a potion of haste {unknown}
 s - 2 potions of degeneration {unknown}
 t - a potion of might
 u - 3 potions of heal wounds {unknown}
 w - a potion of brilliance {unknown}
 z - 3 potions of attraction {unknown}
 F - a potion of ambrosia {unknown}
 N - a potion of invisibility {unknown}
 R - a potion of mutation {unknown}


   Skills:
 - Level 3.0 Fighting
 - Level 7.2 Axes
 + Level 11.0 Ranged Weapons
 - Level 2.6 Armour
 + Level 4.3 Dodging
 - Level 2.1 Shields
 - Level 8.0 Invocations
 + Level 12.1 Evocations


You had 11 spell levels left.
You didn't know any spells.
Your spell library contained the following spells:

 Spells                   Type           Power      Damage    Failure   Level
 Magic Dart               Conj           0%         1d3       63%         1
 Lesser Beckoning         Tloc           0%         N/A       77%         2
 Mercury Vapours          Alch/Air       0%         N/A       77%         2
 Maxwell's Portable Pile  Tloc           0%         2d(5-13)  94%         3
 Teleport Other           Tloc           0%         N/A       94%         3
 Dispel Undead            Necr           0%         3d6       100%        4
 Borgnjor's Vile Clutch   Necr/Erth      0%         N/A       100%        5
 Ozocubu's Refrigeration  Ice            0%         4d7       100%        7
 Polar Vortex             Ice            0%         N/A       100%        9
 Sculpt Simulacrum        Ice/Alch       Unusable   N/A       N/A         6
 Infestation              Necr           Unusable   N/A       N/A         8

Dungeon Overview and Level Annotations

Branches:
Dungeon (11/15)            Temple (0/1) D:7            Lair (2/5) D:8
  Swamp: Lair:2-3    Shoals: Lair:2-3     Snake: Lair:2-3    Spider: Lair:2-3
    Orc: D:9-12

Altars:
Kikubaaqudgha
Okawaru
Sif Muna
Vehumet

Shops:
D:1 [   D:5 (*

Annotations:
D:6 3 runed translucent doors, MoonlitKnight's ghost, novice CoHu


Innate Abilities, Weirdness & Mutations

You can wield a second weapon in your off-hand.
It takes a long time for you to wield or remove held weapons.
Your first few attacks do less damage.
You cannot equip rings or amulets.


Message History

You are engulfed in calcifying dust.
The catoblepas gores you but does no damage.
You are engulfed in calcifying dust.
The catoblepas barely misses you.
You are engulfed in calcifying dust.
The catoblepas gores you!
You turn to flesh and can move again.
Unknown command.
Unknown command.
You shoot a sling bullet. The sling bullet hits the catoblepas.
The sling bullet burns the catoblepas.
The catoblepas is lightly wounded.
You shoot a slug. The slug hits the catoblepas!
The slug freezes the catoblepas.
The catoblepas is moderately wounded.
The catoblepas gores you!
You shoot a slug. The slug hits the catoblepas.
The slug freezes the catoblepas.
The catoblepas is moderately wounded.
You shoot a sling bullet.
The sling bullet hits the catoblepas but does no damage.
The catoblepas is moderately wounded.
The catoblepas gores you but does no damage.
You shoot a sling bullet.
The sling bullet hits the catoblepas but does no damage.
The catoblepas is moderately wounded.
You shoot a slug. The slug hits the catoblepas!!
The slug freezes the catoblepas.
The catoblepas is severely wounded.
The catoblepas gores you!! x2
* * * LOW HITPOINT WARNING * * *
You are too injured to fight recklessly!
Unknown command.
Unknown command.
You shoot a slug. The slug hits the catoblepas!!
The slug freezes the catoblepas.
The catoblepas is almost dead.
You shoot a sling bullet.
The sling bullet hits the catoblepas but does no damage.
The catoblepas is almost dead.
The catoblepas gores you!
You die...

,,,****,,,,,,+....#.....#....#*,,
,,,,**,***,,*#..........#....#**+
,,,,**** ****#.....+#.#......#**,
,,,,* **** ##...............P**,
,,,,***,.####P...............,,,,
,,,,,,,,....................!,,,,
,,,,,,,,..$..................,,,,
,,,**,,,...P.....°...........,,,,
,,,****,.......☼@°...........,,,*
,,,,,,,,......PY#°.#....#...#,*,*
,,,,,,,,......[..#.P..P.#...#**,,
,,,*,,,,........!........#..* *,,
,,,*,,,,P....P...........#,,* *,,
,,,*,,,,........$#......#.,,***,,
,,*****,................#*,,,**,*
,,*,***,.........#####..#*,,*****
,,,,,,,,.........#*,**##.*,,,,,**


You could see a catoblepas.

Vanquished Creatures
  Harold (D:11)
  A boulder beetle (D:11)
  Erica (D:10)
  A two-headed ogre (D:11)
  An ugly thing (D:11)
  A cyclops (D:11)
  2 black mambas (Lair:1)
  An unseen horror (D:10)
  2 cane toads (Lair:1)
  A gargoyle (D:11)
  2 komodo dragons (Lair:1)
  2 trolls (D:11)
  A polar bear (Lair:1)
  Grinder (D:5)
  A jumping spider (D:10)
  A vampire (D:10)
  2 shadows
  A wyvern (Lair:1)
  A wraith (D:11)
  25 yaks
  4 steam dragons
  An acid dragon (D:9)
  3 water moccasins
  2 orc warriors
  A black bear (D:5)
  10 wolves
  3 centaurs
  2 kobold brigands
  2 phantoms
  6 bullfrogs
  A gnoll sergeant (D:6)
  2 scorpions
  9 wights
  3 killer bees (D:9)
  5 howler monkeys
  An electric eel (D:6)
  A jelly (D:5)
  A hound (D:5)
  3 bombardier beetles
  Crazy Yiuf (D:2)
  9 orc priests
  2 gnoll boudas
  A sleepcap (D:5)
  Ijyb (D:5)
  4 iguanas
  10 orc wizards
  15 gnolls
  11 adders
  9 river rats (D:5)
  2 white imps
  2 ufetubi (D:5)
  2 ribbon worms (D:2)
  A dart slug (D:2)
  41 orcs
  2 ball pythons
  5 endoplasms
  2 giant cockroaches
  6 goblins
  4 hobgoblins
  2 jackals (D:4)
  11 quokkas
  9 bats
  4 frilled lizards
  15 kobolds
  23 rats
303 creatures vanquished.

Vanquished Creatures (others)
  2 killer bees (D:9)
  An orc (D:9)
3 creatures vanquished.

Grand Total: 306 creatures vanquished

Notes
Turn   | Place    | Note
-------+----------+-------------------------------------------
     0 | D:1      | DEFE the Coglin Fighter began the quest for the Orb.
     0 | D:1      | Reached XP level 1. HP: 18/18 MP: 1/1
   142 | D:1      | Found Qoirphac's Armour Shoppe.
   315 | D:1      | Reached XP level 2. HP: 24/24 MP: 2/2
   533 | D:1      | You fall into a shaft and drop 1 floor!
   556 | D:2      | Found a runed translucent door.
   557 | D:2      | Noticed Crazy Yiuf
   566 | D:2      | Killed Crazy Yiuf
   567 | D:2      | Reached XP level 3. HP: 5/29 MP: 3/3
   827 | D:2      | Found an iron altar of Okawaru.
   842 | D:2      | Became a worshipper of Warmaster Okawaru
   877 | D:2      | Found a faded altar of an unknown god.
   924 | D:2      | Reached XP level 4. HP: 15/35 MP: 4/4
  1106 | D:2      | Reached skill level 1 in Invocations
  1491 | D:3      | Reached XP level 5. HP: 41/41 MP: 5/5
  1998 | D:4      | Got the Secrets of Rotting Xanthosis
  2009 | D:4      | Noticed a phantom
  2017 | D:4      | Killed a phantom
  2017 | D:4      | Reached * piety under Okawaru
  2018 | D:4      | Reached skill level 5 in Axes
  2049 | D:4      | Reached XP level 6. HP: 46/47 MP: 7/7
  2882 | D:5      | Entered Level 5 of the Dungeon
  2934 | D:5      | Reached XP level 7. HP: 29/52 MP: 9/9
  3127 | D:5      | Found Ohuennur's Hydra Hut.
  3132 | D:5      | Noticed a five-headed hydra
  3149 | D:5      | Reached ** piety under Okawaru
  3225 | D:5      | Noticed Grinder
  3231 | D:5      | Paralysed by Grinder for 4 turns
  3235 | D:5      | Killed Grinder
  3360 | D:5      | Noticed Ijyb
  3375 | D:5      | Killed Ijyb
  3452 | D:5      | Reached XP level 8. HP: 33/58 MP: 11/11
  3737 | D:5      | Reached skill level 1 in Ranged Weapons
  3743 | D:5      | Reached skill level 5 in Invocations
  3926 | D:5      | Bought a +2 hand cannon of freezing for 256 gold pieces
  4004 | D:5      | Found Redgheit's General Store.
  4270 | D:6      | Noticed MoonlitKnight's ghost (novice CoHu)
  4275 | D:6      | Found a runed translucent gate.
  4275 | D:6      | Found a runed translucent gate.
  4275 | D:6      | Found a runed translucent gate.
  4276 | D:6      | Noticed a deep elf pyromancer
  5414 | D:7      | Reached XP level 9. HP: 63/63 MP: 13/13
  5693 | D:7      | Found a staircase to the Ecumenical Temple.
  5814 | D:7      | Reached *** piety under Okawaru
  6006 | D:7      | Reached skill level 5 in Ranged Weapons
  7110 | D:8      | Found an ancient bone altar of Kikubaaqudgha.
  7121 | D:8      | Found a shimmering blue altar of Sif Muna.
  7123 | D:8      | Found a radiant altar of Vehumet.
  7128 | D:8      | Got Vehumet's Volume of Power
  7276 | D:8      | Found a staircase to the Lair.
  8145 | D:9      | Reached XP level 10. HP: 17/70 MP: 15/15
  9111 | D:9      | Reached skill level 1 in Evocations
  9288 | D:9      | Reached skill level 2 in Evocations
  9298 | D:9      | Reached **** piety under Okawaru
  9327 | D:9      | Reached skill level 3 in Evocations
 10215 | D:9      | Reached skill level 4 in Evocations
 10280 | D:9      | Reached skill level 5 in Evocations
 10662 | D:10     | Entered Level 10 of the Dungeon
 10784 | D:10     | Reached skill level 6 in Evocations
 11116 | D:10     | Killed an unseen horror
 11117 | D:10     | Reached skill level 7 in Evocations
 11319 | D:10     | Noticed Erica
 11324 | D:10     | Killed Erica
 11324 | D:10     | Reached ***** piety under Okawaru
 11325 | D:10     | Reached skill level 8 in Evocations
 11325 | D:10     | Reached XP level 11. HP: 75/75 MP: 17/17
 11490 | D:10     | Noticed Urug
 11493 | D:10     | Urug changed into Urug the jumping spider
 11493 | D:10     | Noticed Urug
 11496 | D:10     | Killed Urug the jumping spider
 11915 | D:11     | Noticed Harold
 11982 | D:11     | Noticed a cyclops
 12517 | D:11     | Reached skill level 9 in Evocations
 12716 | D:11     | Killed Harold
 12950 | D:11     | Noticed a cyan ugly thing
 12955 | D:11     | Killed a cyan ugly thing
 13287 | D:11     | Killed a cyclops
 13403 | D:11     | Noticed a boulder beetle
 13410 | D:11     | Killed a boulder beetle
 13410 | D:11     | Received a gift from Okawaru
 13411 | D:11     | Reached skill level 10 in Ranged Weapons
 13411 | D:11     | Reached skill level 10 in Evocations
 13828 | D:11     | Noticed a two-headed ogre
 13832 | D:11     | Killed a two-headed ogre
 13833 | D:11     | Reached skill level 1 in Dodging
 13947 | Lair:1   | Entered Level 1 of the Lair of Beasts
 14130 | Lair:1   | Reached skill level 11 in Evocations
 14268 | Lair:1   | Received a gift from Okawaru
 14287 | Lair:1   | Reached XP level 12. HP: 64/81 MP: 18/18
 14356 | Lair:1   | Reached ****** piety under Okawaru
 14369 | Lair:1   | Acquired a +2 antimagic sling
 14369 | Lair:1   | Received a gift from Okawaru
 14372 | Lair:1   | Acquired the +3 ring mail "Veru" {rPois rC+ rN+ Str-2}
 14372 | Lair:1   | Received a gift from Okawaru
 14919 | Lair:1   | Reached skill level 12 in Evocations
 15207 | Lair:2   | Identified a scroll of acquirement
 15208 | Lair:2   | Acquired the +1 cloak "Pekh" {Dex+4}
 15243 | Lair:2   | Identified the +0 pair of gloves "Tade Tuoro" {Slay+5}
 15262 | Lair:2   | Noticed a catoblepas
 15278 | Lair:2   | Slain by a catoblepas

Illustrated notes

Levels and vault maps discovered:
D:1:      minmay_arrival_pointy, layout_loops_corners, serial_shops,
          nicolae_shop_tiny_glass, serial_bayou_pond_d, corexii_hall_statues_x
D:2:      kennysheep_big_flooded_room, layout_rooms,
          chequers_ecumenical_altar_simple, basic_altar, uniq_crazy_yiuf_cottage
D:3:      layout_loops_ring
D:4:      layout_basic, chequers_serial_rivers_large_a
D:5:      lemuel_ratsnest, layout_cave_pools, serial_shops,
          nicolae_shop_real_fake_doors, doesnt_shop_hydraphobe, uniq_grinder,
          uniq_ijyb
D:6:      minmay_klotski, layout_basic, gammafunk_ghost_split,
          dk_noncrumbling_4, kennysheep_cluttered_room
D:7:      layout_basic, minmay_temple_entry_offerings
D:8:      layout_loops_corners, grunt_temple_overflow_magic_moments,
          lair_entry_dummy
D:9:      layout_roguey, minmay_diced_spiral
D:10:     layout_roguey, uniq_urug, uniq_erica
D:11:     layout_irregular_city, uniq_harold
Lair:1:   layout_roguey, lemuel_fruit_tree
Lair:2:   layout_regular_city, portal_ice_cave_entry_pillars_2,
          hellmonk_ghost_happy_afterlife, lemuel_fruit_fields

Skill      XL: |  1  2  3  4  5  6  7  8  9 10 11 12 |
---------------+-------------------------------------+-----
Axes           | 3 4 5 6 7 |  7.2
Invocations    | 1 2 3 4 6 7 8 |  8.0
Ranged Weapons | 3 6 9 10 11 | 11.0
Evocations     | 8 11 12 | 12.1
Dodging        | 3 4 |  4.3
Fighting       | |  3.0
Armour         | |  2.6
Shields        | |  2.1

Action                     |  1- 3 |  4- 6 |  7- 9 | 10-12 || total
---------------------------+-------+-------+-------+-------++-------
  Melee: War axe           |    48 |    35 |       |       ||    83
         Mace              |    18 |   116 |   320 |   108 ||   562
         Flail             |       |    75 |   346 |   115 ||   536
   Fire: Sling             |       |       |       |   236 ||   236
         Hand cannon       |       |       |       |   236 ||   236
 Invoke: Heroism           |       |       |     2 |     4 ||     6
         Receive Weapon    |       |       |       |     1 ||     1
         Receive Armour    |       |       |       |     1 ||     1
  Evoke: Wand              |       |       |    19 |    24 ||    43
    Use: Potion            |     1 |       |     3 |     2 ||     6
         Scroll            |       |     6 |     3 |     6 ||    15
   Stab: Sleeping          |       |       |     1 |       ||     1
         Invisible         |       |       |       |     1 ||     1
 Armour: Scale mail        |    45 |   125 |   232 |       ||   402
         Steam dragon scal |       |       |   129 |   187 ||   316
         Ring mail         |       |       |       |    31 ||    31
  Dodge: Dodged            |    19 |    70 |   190 |   142 ||   421
  Block: Buckler           |     2 |       |       |       ||     2

Table legend: (Time is in decaauts)
 A = Elapsed time spent in this place.
 B = Non-inter-level travel time spent in this place.
 C = Inter-level travel time spent in this place.
 D = Time resting spent in this place.
 E = Time spent auto-exploring this place.
 F = Levels seen in this place.
 G = Mean time per level.
                   A        B        C        D        E       F      G
               +--------+--------+--------+--------+--------+-----+--------+
         Total |  15461 |  15081 |    380 |   5753 |   7130 |  13 | 1189.3 |
       Dungeon |  14116 |  13757 |    359 |   5215 |   6655 |  11 | 1283.3 |
          Lair |   1345 |   1325 |     20 |    538 |    475 |   2 |  672.5 |
               +--------+--------+--------+--------+--------+-----+--------+

Top non-repeatable levels by time:
     D:9: 2937 daAuts
    D:11: 1820 daAuts
    D:10: 1453 daAuts
     D:7: 1312 daAuts
     D:6: 1281 daAuts
  Lair:1: 1252 daAuts
     D:5: 1212 daAuts
     D:8: 1159 daAuts
     D:4: 934 daAuts
     D:2: 825 daAuts
     D:3: 636 daAuts
     D:1: 542 daAuts
  Lair:2: 92 daAuts
